Map: Lightshade LE

Players

ShaDoWn

  • Race: Protoss Protoss
  • Spawn Location: 11:00

ByuN - Winner!

  • Race: Terran Terran
  • Spawn Location: 5:00

Event: Cheeseadelphia Winter Championship 2021

VOD

Have the link to the VOD?

Description

Time

  • Played on: Jan. 24, 2021, 12:07 p.m.
  • Length: 8:33

All games in this series

Show
View Real Time Build Order
Export as new Build Order

ShaDoWn Protoss 

Build Orders: Proxy Void Ray 

Get SALT Encoding   

  12  0:09  Pylon  
  12  0:13  Probe  
  13  0:27  Gateway  
  13  0:31  Probe (Chrono Boost)  
  14  0:40  Probe (Chrono Boost)  
  14  0:41  Assimilator  
  15  0:45  Probe (Chrono Boost)  
  15  0:49  Assimilator  
  16  0:57  Probe  
  17  1:09  Probe  
  18  1:14  Cybernetics Core  
  18  1:16  Zealot  
  20  1:22  Probe  
  21  1:29  Pylon  
  21  1:34  Probe  
  22  1:50  Stargate  
  22  1:51  Adept (Chrono Boost)  
  24  1:58  Probe  
  25  2:03  Warp Gate  
  25  2:14  Adept  
  27  2:24  Void Ray (Chrono Boost)  
  28  2:33  Pylon  
  31  2:52  Shield Battery  
  31  2:54  Void Ray  
  35  3:08  Shield Battery  
  35  3:13  Probe  
  35  3:18  Shield Battery  
  36  3:30  Void Ray (Chrono Boost)  
  36  3:36  Probe  
  36  3:40  Shield Battery  
  37  3:56  Shield Battery  
  37  3:59  Shield Battery  
  37  4:11  Shield Battery  
  37  4:12  Shield Battery  
  37  4:14  Phoenix (Chrono Boost)  
  37  4:28  Pylon  
  37  4:36  Phoenix (Chrono Boost)  
  39  4:46  Probe  
  40  4:54  Phoenix  
  42  5:24  Phoenix, Probe  
  45  5:29  Pylon  
  42  5:49  Phoenix (Chrono Boost)  
  43  5:52  Nexus  
  43  5:56  Probe  
  44  6:06  Phoenix (Chrono Boost)  
  44  6:08  Robotics Facility, Probe  
  47  6:20  Probe  
  44  6:29  Phoenix (Chrono Boost)  
  44  6:32  Probe  
  45  6:39  Stalker  
  41  6:44  Probe  
  42  6:51  Phoenix (Chrono Boost)  
  44  7:00  Probe  
  41  7:03  Immortal (Chrono Boost)  
  41  7:04  Probe  
  46  7:09  Phoenix  
  46  7:12  Probe  
  49  7:18  Pylon  
  49  7:20  Probe  
  50  7:24  Sentry, Probe  
  53  7:32  Probe  
  53  7:36  Probe  
  55  7:40  Shield Battery  
  55  7:46  Immortal  
  55  7:48  Stalker  
  61  7:52  Pylon  
  61  7:55  Pylon  
  54  8:06  Probe  
  50  8:13  Zealot  
  50  8:15  Probe  
  50  8:18  Probe  
Show
View Real Time Build Order
Export as new Build Order

ByuN Terran - Winner!

Build Orders: Cyclone Opening 

Get SALT Encoding   

  12  0:00  SCV  
  13  0:12  SCV  
  14  0:17  Supply Depot  
  14  0:24  SCV  
  15  0:39  SCV  
  15  0:40  Barracks  
  15  0:42  Refinery  
  16  0:51  SCV  
  17  1:03  SCV  
  18  1:15  SCV  
  19  1:26  Marine  
  19  1:27  Orbital Command  
  20  1:44  Command Center  
  20  1:52  Factory  
  20  1:55  SCV  
  21  2:02  Barracks Reactor  
  21  2:03  Refinery  
  21  2:07  SCV  
  22  2:14  Supply Depot  
  22  2:20  SCV  
  23  2:26  Bunker  
  23  2:35  SCV  
  24  2:38  Factory Tech Lab  
  24  2:39  Marine x2  
  26  2:50  SCV  
  27  2:57  Cyclone  
  30  2:59  Marine x2  
  30  3:02  Mag-Field Accelerator  
  32  3:10  Orbital Command  
  32  3:15  Supply Depot  
  32  3:19  Marine x2  
  34  3:26  SCV  
  35  3:37  Cyclone  
  38  3:43  SCV  
  38  3:54  SCV  
  38  3:55  SCV  
  38  3:56  Marine x2  
  38  4:06  SCV  
  38  4:07  SCV  
  39  4:13  Cyclone  
  41  4:21  SCV  
  41  4:22  SCV  
  40  4:31  Marine x2  
  40  4:33  SCV  
  40  4:34  SCV  
  44  4:44  Supply Depot  
  42  4:46  SCV x2  
  38  4:55  Cyclone  
  38  4:58  Marine x2  
  43  5:04  SCV x2  
  45  5:16  Marine x2  
  45  5:20  SCV x2  
  48  5:27  Orbital Command  
  48  5:28  Cyclone  
  51  5:33  Engineering Bay  
  50  5:42  Marine x2  
  52  5:44  SCV  
  53  5:54  SCV  
  54  5:59  Supply Depot, SCV, Marine  
  54  6:00  Barracks, Marine  
  57  6:12  Siege Tank  
  57  6:16  SCV x2  
  62  6:20  Marine x2  
  64  6:28  SCV x2  
  63  6:38  Marine  
  61  6:40  SCV x2  
  62  6:47  Siege Tank  
  62  6:53  Engineering Bay, Barracks Tech Lab  
  64  7:04  Marine  
  64  7:05  Marine  
  64  7:06  Orbital Command  
  64  7:07  SCV  
  67  7:18  Marine  
  67  7:19  SCV  
  67  7:22  Marine  
  69  7:27  Siege Tank, Marine  
  74  7:32  SCV x2  
  72  7:38  Supply Depot  
  72  7:42  Marine  
  73  7:49  Missile Turret  
  73  7:51  Marine x2  
  75  7:59  Marine  
  75  8:04  SCV x2  
  78  8:12  Marauder, Marine  
  73  8:19  SCV  
Tags
 
Add a new tag
Caveats
  • Supply blocks, unpowered buildings, or Contaminate may cause inaccurate times.
  • Supply counts are checked every 10 seconds.